 Dungeon Crawl Stone Soup version 0.30-a0-394-g3e4acdb0ae (webtiles) character file.

Game seed: 7338538618488823927

53668 cforsyth the Severer (level 14, -6/138 HPs)
             Began as a Hill Orc Fighter on Dec 7, 2022.
             Was a High Priest of Beogh.
             Mangled by an orc knight
             ... wielding a +0 bardiche
              (12 damage)
             ... on level 1 of the Orcish Mines.
             The game lasted 00:57:33 (23037 turns).

cforsyth the Severer (Hill Orc Fighter)            Turns: 23037, Time: 00:57:34

Health: -6/138     AC: 23    Str: 30    XL:     14   Next: 69%
Magic:  23/23      EV: 12    Int:  8    God:    Beogh [*****.]
Gold:   1598       SH:  5    Dex: 10    Spells: 13/13 levels left

rFire   . . .      SeeInvis .    Q - +1 war axe (flame)
rCold   + . .      Faith    .    k - +1 buckler {rC+}
rNeg    . . .      Spirit   .    m - +0 plate armour
rPois   +          Reflect  .    x - +2 helmet
rElec   .          Harm     .    p - +1 cloak {rPois}
rCorr   .          Rampage  .    (no gloves)
Will    +....                    (no boots)
Stlth   ..........               (no amulet)
HPRegen 0.43/turn                C - +4 ring of evasion
MPRegen 0.18/turn                T - +6 ring of strength

@: hasted, silenced, very quick
A: walk on water
a: Renounce Religion


You were on level 1 of the Orcish Mines.
You worshipped Beogh.
Beogh was extremely pleased with you.
You visited 3 branches of the dungeon, and saw 19 of its levels.
You also visited: Ossuary and Ice Cave.

You collected 1598 gold pieces.

Inventory:

Hand Weapons
 c - a +3 vorpal battleaxe
 K - a +2 antimagic flail
 Q - a +1 war axe of flaming (weapon)
Missiles
 I - 3 throwing nets (quivered)
Armour
 k - a +1 buckler of cold resistance (worn)
 m - a +0 plate armour (worn)
 p - a +1 cloak of poison resistance (worn)
 x - a +2 helmet (worn)
Jewellery
 u - a ring of positive energy
 C - a +4 ring of evasion (left hand)
 R - the ring of Oteqaell {*Slow rF+ Int+6 SInv}
   (You found it on level 4 of the Lair of Beasts)

   [ring of intelligence]

   Int:       It affects your intelligence (+6).
   rF:        It protects you from fire.
   SInv:      It lets you see invisible.
   *Slow:     It may slow you when you take damage.
 T - a +6 ring of strength (right hand)
Wands
 h - a wand of light (24)
 o - a wand of flame (22)
 L - a wand of mindburst (17)
 P - a wand of paralysis (21)
 U - a wand of polymorph (8)
 V - a wand of iceblast (3)
Scrolls
 a - 4 scrolls of immolation
 b - 4 scrolls of vulnerability
 e - 3 scrolls of amnesia
 f - 5 scrolls of teleportation
 g - 5 scrolls of butterflies
 i - a scroll of torment
 j - 4 scrolls of magic mapping
 n - 5 scrolls of blinking
 w - 4 scrolls of fear
 y - a scroll of summoning
 B - 2 scrolls of poison
 D - a scroll of brand weapon
 G - a scroll of silence
 H - 2 scrolls of enchant armour
 M - a scroll of enchant weapon
 S - a scroll of noise {unknown}
Potions
 d - 3 potions of might
 l - 9 potions of haste
 q - 7 potions of mutation
 r - 7 potions of curing
 s - a potion of degeneration {unknown}
 t - a potion of resistance {unknown}
 v - 3 potions of attraction {unknown}
 z - 2 potions of flight
 A - a potion of cancellation {unknown}
 E - 2 potions of lignification {unknown}
 F - 4 potions of brilliance {unknown}
 J - 3 potions of berserk rage
 N - a potion of magic {unknown}
 O - 2 potions of invisibility {unknown}
Miscellaneous
 W - a lightning rod (4/4)


   Skills:
 + Level 16.5 Fighting
 + Level 17.6 Axes
 + Level 15.1 Armour
 - Level 3.2 Shields
 + Level 12.5 Invocations


You had 13 spell levels left.
You didn't know any spells.
Your spell library contained the following spells:

 Spells                   Type           Power      Damage    Failure   Level
 Beastly Appendage        Tmut           0%         N/A       97%         1
 Kiss of Death            Conj/Necr      0%         2d5       97%         1
 Magic Dart               Conj           0%         1d3       97%         1
 Summon Small Mammal      Summ           0%         N/A       97%         1
 Blink                    Tloc           0%         N/A       99%         2
 Call Imp                 Summ           0%         N/A       99%         2
 Ensorcelled Hibernation  Hex/Ice        0%         N/A       99%         2
 Wereblood                Tmut           0%         N/A       99%         2
 Call Canine Familiar     Summ           0%         N/A       100%        3
 Confusing Touch          Hex            0%         N/A       100%        3
 Ignite Poison            Fire/Tmut/Pois 0%         N/A       100%        3
 Inner Flame              Hex/Fire       0%         N/A       100%        3
 Kindle Blastsparks       Fire/Tloc/Air  0%         2d10      100%        3
 Mephitic Cloud           Conj/Pois/Air  0%         N/A       100%        3
 Ozocubu's Armour         Ice            0%         N/A       100%        3
 Portal Projectile        Hex/Tloc       0%         N/A       100%        3
 Spider Form              Tmut/Pois      0%         N/A       100%        3
 Summon Guardian Golem    Hex/Summ       0%         N/A       100%        3
 Tukima's Dance           Hex            0%         N/A       100%        3
 Anguish                  Hex/Necr       0%         N/A       100%        4
 Dispel Undead            Necr           0%         3d6       100%        4
 Flame Wave               Conj/Fire      0%         2d4       100%        4
 Fulminant Prism          Conj/Hex       0%         3d5       100%        4
 Iskenderun's Mystic Bla  Conj/Tloc      0%         2d3       100%        4
 Leda's Liquefaction      Hex/Erth       0%         N/A       100%        4
 Manifold Assault         Tloc           0%         N/A       100%        4
 Sticky Flame             Conj/Fire      0%         2d3       100%        4
 Blade Hands              Tmut           0%         N/A       100%        5
 Fireball                 Conj/Fire      0%         3d3       100%        5
 Freezing Cloud           Conj/Ice/Air   0%         6-21      100%        5
 Iskenderun's Battlesphe  Conj           0%         2d6       100%        5
 Lee's Rapid Deconstruct  Erth           0%         3d4*      100%        5
 Metabolic Englaciation   Hex/Ice        0%         N/A       100%        5
 Conjure Ball Lightning   Conj/Air       0%         3x3d6     100%        6
 Simulacrum               Ice/Necr       0%         N/A       100%        6
 Malign Gateway           Summ/Tloc      0%         N/A       100%        7
 Orb of Destruction       Conj           0%         9d5       100%        7
 Ozocubu's Refrigeration  Ice            0%         4d7       100%        7
 Storm Form               Tmut/Air       0%         N/A       100%        7
 Summon Horrible Things   Summ           0%         N/A       100%        8


Dungeon Overview and Level Annotations

Branches:
Dungeon (13/15)            Temple (0/1) D:6            Lair (5/5) D:9
 Shoals (0/4) Lair:2       Spider (0/4) Lair:2        Slime (0/5) Lair:4
    Orc (1/2) D:9         Ossuary (visited)           IceCv (visited)
 Vaults: D:13-14

Altars:
Ashenzari
Ru
Trog
Wu Jian
Zin
The Shining One
Jiyva

Shops:
D:11 *

Annotations:
D:6 2 transporters, Darkkill's ghost, novice MiHu
Orc:1 1 transporter, 1 runed translucent door


Message History

Unknown command.
Unknown command.
Okay, then.
Unknown command.
The two-headed ogre closely misses your orc sorcerer. x2
The stone giant barely misses your orc.
The two-headed ogre closely misses your orc sorcerer.
The two-headed ogre hits your orc sorcerer with a +0 dire flail!!
The stone giant hits your orc warrior!!!
Your orc warrior dies!
The stone giant rages.
There is a transporter landing site here.
The stone giant rages.
You open the large door.
The moth of wrath's fur bristles in rage as it notices you.
The two-headed ogre rages.
Found a human skeleton.
Unknown command.
You feel yourself speed up. The stone giant hits you!
* * * LOW HITPOINT WARNING * * *
Unknown command.
A moth of wrath and a troll come into view.
Found 20 gold pieces.
The moth of wrath's fur bristles in rage as it notices you. x2
The troll moves out of view.
There is a large open door here.
Unknown command.
The stone giant attacks as you move away!
The stone giant hits you.
* * * LOW HITPOINT WARNING * * *
The moth of wrath angrily waves its antennae.
An orc knight comes into view. It is wielding a +0 bardiche.
The moth of wrath goads the troll on!
The troll goes berserk!
The troll bites you but does no damage. The troll claws you.
* * * LOW HITPOINT WARNING * * *
The troll barely misses you.
The two-headed ogre rages.
The orc knight hits you from afar with a +0 bardiche!
You die...
Beogh appreciates the orc knight's killing of a heretic priest.

#### ###.......####
#.......# #.......#
###.©.### #y#####y#
###########
##ooo.©.'..##
##...'.÷.'...##
###.)))#...#OC@.#
#○#.)#########T.#§#
###.)#y##W##y#o.###
#e#..####+####..#y
#y#..)$$)_[$$...#e#
#e#....$):!$....#e#
#e#..⌠..=[[..⌠..#e#
#e#.............#e#
###.........


You could see a stone giant (berserk), an orc knight, a two-headed ogre
(berserk), a moth of wrath (unsilenced), 2 deep elf zephyrmancers, a troll
(berserk) and a friendly orc.

Vanquished Creatures
  An entropy weaver (Lair:4)
  4 hydras
  2 ghost crabs (Lair:4)
  A two-headed ogre (Orc:1)
  A centaur warrior (D:10)
  A catoblepas (Lair:2)
  2 ironbound frosthearts (IceCv)
  5 death yaks
  2 fire crabs (Lair:4)
  A goliath frog (Lair:5)
  An orc knight (Orc:1)
  2 ugly things
  A cyclops (D:12)
  An apocalypse crab (Lair:4)
  An ice statue (IceCv)
  8 cane toads
  A gargoyle (D:12)
  Maggie (D:7)
  2 rime drakes
  7 komodo dragons
  12 polar bears
  3 trolls
  7 blink frogs
  Prince Ribbit (D:7)
  A slime creature (D:12)
  4 dream sheep (Lair:3)
  A snapping turtle (Lair:2)
  Sigmund (D:2)
  2 wraiths
  A shadow (D:12)
  A vampire (D:11)
  2 wyverns
  34 yaks
  Grum (D:9)
  2 steam dragons
  A vampire mosquito (Lair:5)
  3 acid dragons
  9 water moccasins
  A sky beast (D:7)
  An orc warrior (D:7)
  2 black bears
  2 ice beasts (D:7)
  4 ogres
  25 wolves
  5 centaurs
  Blork the orc (D:5)
  A gnoll sergeant (D:9)
  3 kobold brigands
  11 bullfrogs
  A necrophage (D:8)
  A cane toad simulacrum (Lair:5)
  A scorpion (Lair:2)
  3 wights (D:7)
  2 water moccasin zombies (Ossuary)
  7 howler monkeys
  3 bullfrog zombies (Ossuary)
  2 centaur zombies (Ossuary)
  2 hounds
  Crazy Yiuf (D:2)
  2 jellies
  4 orc priests
  A gnoll bouda (D:8)
  5 orc wizards
  A mummy (Ossuary)
  11 gnolls
  8 adders
  A white imp (D:5)
  6 adder zombies (Ossuary)
  2 worms (Lair:2)
  A dart slug (D:4)
  31 orcs
  3 ball pythons (D:2)
  4 bats
  9 endoplasms
  5 giant cockroaches
  5 gnoll zombies (Ossuary)
  9 goblins
  A hobgoblin (D:3)
  3 jackals (D:1)
  8 quokkas
  3 frilled lizards
  4 goblin zombies (Ossuary)
  3 hobgoblin zombies (Ossuary)
  16 kobolds
  3 orc zombies (Ossuary)
  5 rats
364 creatures vanquished.

Vanquished Creatures (collateral kills)
  An entropy weaver (Lair:4)
  2 hydras
  A two-headed ogre (D:10)
  9 death yaks
  Urug (D:12)
  A slime creature (D:12)
  2 fire crabs (Lair:4)
  An orc sorcerer (Orc:1)
  2 ugly things (D:12)
  A manticore (D:12)
  A cyclops (D:13)
  A torpor snail (Lair:2)
  11 cane toads
  A kobold demonologist (D:11)
  3 komodo dragons (Lair:5)
  2 rime drakes
  An efreet (D:12)
  4 tyrant leeches (Lair:5)
  4 polar bears
  A troll (D:11)
  15 blink frogs
  3 dream sheep (Lair:3)
  A shadow (D:12)
  A basilisk (Lair:2)
  19 yaks
  A death yak simulacrum (Lair:5)
  7 vampire mosquitoes
  7 water moccasins
  A black bear (Lair:3)
  A wolf (Lair:2)
  An ogre (Orc:1)
  A centaur (D:11)
  4 bullfrogs
  2 cane toad simulacra (Lair:5)
  A howler monkey (D:11)
  An orc priest (Orc:1)
  A gnoll (D:9)
  11 orcs
  3 giant cockroaches (Lair:2)
  A kobold (D:10)
132 creatures vanquished.

Vanquished Creatures (others)
  2 orc priests (IceCv)
  8 orc warriors
  3 orc wizards
  13 orcs
  36 fungi
  84 plants
146 creatures vanquished.

Grand Total: 642 creatures vanquished

Notes
Turn   | Place    | Note
-------+----------+-------------------------------------------
     0 | D:1      | cforsyth the Hill Orc Fighter began the quest for the Orb.
     0 | D:1      | Reached XP level 1. HP: 19/19 MP: 1/1
   127 | D:1      | Reached skill level 3 in Axes
   139 | D:1      | Reached XP level 2. HP: 25/27 MP: 2/2
   414 | D:1      | Reached XP level 3. HP: 22/33 MP: 3/3
  1029 | D:2      | Reached XP level 4. HP: 41/41 MP: 4/4
  1180 | D:2      | Reached skill level 4 in Axes
  1201 | D:2      | Noticed Sigmund
  1279 | D:2      | Killed Sigmund
  1280 | D:2      | Reached skill level 5 in Fighting
  1280 | D:2      | Reached skill level 5 in Axes
  1280 | D:2      | Reached XP level 5. HP: 47/48 MP: 5/5
  1280 | D:2      | Reached XP level 6. HP: 55/56 MP: 6/6
  1300 | D:2      | Reached skill level 5 in Armour
  1424 | D:2      | Found a runed translucent door.
  1425 | D:2      | Noticed Crazy Yiuf
  1515 | D:2      | Found a faded altar of an unknown god.
  1765 | D:2      | Killed Crazy Yiuf
  2806 | D:4      | Found a bloodstained altar of Trog.
  3035 | D:4      | Became a worshipper of Beogh the Brigand
  3078 | D:4      | Reached XP level 7. HP: 62/63 MP: 7/7
  3251 | D:4      | Reached skill level 6 in Axes
  3452 | D:5      | Entered Level 5 of the Dungeon
  3673 | D:5      | Noticed Blork the orc
  3685 | D:5      | Killed Blork the orc
  3765 | D:5      | Found a glowing golden altar of the Shining One.
  3765 | D:5      | Found a broken altar of Ashenzari.
  4233 | D:5      | Reached skill level 7 in Axes
  4483 | D:6      | Noticed a steam dragon
  4495 | D:5      | Reached XP level 8. HP: 51/73 MP: 8/8
  4782 | D:6      | Found a staircase to the Ecumenical Temple.
  5047 | D:6      | Reached skill level 8 in Axes
  5064 | D:6      | Found a transporter.
  5172 | D:6      | Identified the +0 buckler "Toumimiy" {Harm rC++ Int+2
                  | Dex-4}
  5179 | D:6      | Noticed Darkkill's ghost (novice MiHu)
  5238 | D:6      | Found an ornate altar of the Wu Jian Council.
  5247 | D:6      | Found a transporter.
  5455 | D:7      | Reached * piety under Beogh
  5563 | D:7      | Noticed Prince Ribbit
  5607 | D:7      | Killed Prince Ribbit
  5608 | D:7      | Reached skill level 9 in Axes
  5608 | D:7      | Reached XP level 9. HP: 29/82 MP: 9/9
  5663 | D:7      | HP: 4/82 [ogre/+0 giant club (12)]
  5677 | D:7      | Found a sand-covered staircase.
  5700 | Ossuary  | Entered an ossuary
  6037 | Ossuary  | Reached ** piety under Beogh
  6065 | Ossuary  | Noticed a silent spectre
  6451 | D:7      | Reached skill level 10 in Axes
  7133 | D:8      | Reached skill level 10 in Fighting
  7259 | D:8      | Reached XP level 10. HP: 51/93 MP: 10/10
  7266 | D:8      | Noticed Maggie
  7272 | D:8      | Reached skill level 11 in Axes
  7699 | D:7      | Killed Maggie
  8262 | D:7      | Reached *** piety under Beogh
  8284 | D:8      | Reached skill level 10 in Armour
  8297 | D:8      | Found a glowing silver altar of Zin.
  8708 | D:9      | Noticed Grum
  8730 | D:9      | Killed Grum
  8959 | D:9      | Found a staircase to the Orcish Mines.
  9119 | D:9      | Identified the +8 spear "Ralluv" {venom, rF++}
  9161 | D:9      | Reached skill level 12 in Axes
  9165 | D:9      | Found a staircase to the Lair.
 10066 | D:10     | Entered Level 10 of the Dungeon
 10490 | D:10     | Reached **** piety under Beogh
 10553 | D:10     | Noticed a centaur warrior
 10560 | D:10     | Killed a centaur warrior
 10561 | D:10     | Reached XP level 11. HP: 79/104 MP: 11/11
 10649 | D:10     | Noticed a two-headed ogre
 10656 | D:10     | Killed a two-headed ogre
 10846 | D:10     | Reached skill level 13 in Axes
 11190 | D:11     | Reached skill level 1 in Invocations
 11242 | D:11     | Found Ady Xotuloi's General Store.
 12058 | D:12     | Noticed a cyclops
 12067 | D:12     | Killed a cyclops
 12082 | D:12     | Noticed a white ugly thing
 12089 | D:12     | Killed a white ugly thing
 12107 | D:12     | Noticed a green ugly thing
 12112 | D:12     | Killed a green ugly thing
 12379 | D:12     | Noticed Urug
 12387 | D:12     | Killed Urug
 12650 | D:12     | Noticed a manticore
 12657 | D:12     | Killed a manticore
 12657 | D:12     | Gained Margrim as an ally
 12757 | D:12     | Found a sacrificial altar of Ru.
 13208 | D:13     | Noticed a green ugly thing
 13212 | D:13     | Killed a green ugly thing
 13215 | D:13     | Noticed a cyclops
 13222 | D:13     | Killed a cyclops
 13351 | D:13     | Reached skill level 14 in Axes
 13351 | D:13     | Reached skill level 5 in Invocations
 13434 | Lair:1   | Entered Level 1 of the Lair of Beasts
 13448 | Lair:1   | Reached XP level 12. HP: 99/115 MP: 15/15
 14417 | Lair:2   | Noticed a death yak
 14418 | Lair:2   | Noticed a death yak
 14428 | Lair:2   | Killed a death yak
 14431 | Lair:2   | Killed a death yak
 14944 | Lair:2   | Noticed a catoblepas
 14958 | Lair:2   | Killed a catoblepas
 15192 | Lair:2   | Noticed a death yak
 15192 | Lair:2   | Noticed a death yak
 15193 | Lair:2   | Noticed a death yak
 15193 | Lair:2   | Noticed a death yak
 15193 | Lair:2   | Noticed a death yak
 15222 | Lair:3   | Killed a death yak
 15225 | Lair:3   | Killed a death yak
 15489 | Lair:2   | Killed a death yak
 15491 | Lair:2   | Reached skill level 15 in Axes
 15495 | Lair:2   | Killed a death yak
 15497 | Lair:2   | Killed a death yak
 15751 | Lair:2   | Found a hole to the Spider Nest.
 15765 | Lair:2   | Reached ***** piety under Beogh
 16014 | Lair:2   | Found a staircase to the Shoals.
 16355 | Lair:3   | Noticed a four-headed hydra
 16363 | Lair:3   | Killed a one-headed hydra
 16372 | Lair:3   | Reached XP level 13. HP: 98/125 MP: 19/19
 17105 | Lair:4   | Identified the ring of Oteqaell {*Slow rF+ Int+6 SInv}
 17132 | Lair:4   | Found a runed translucent door.
 17232 | Lair:4   | Found a staircase to the Slime Pits.
 17240 | Lair:4   | Found a viscous altar of Jiyva.
 17976 | Lair:4   | Noticed an entropy weaver
 17984 | Lair:4   | Reached skill level 15 in Fighting
 17984 | Lair:4   | Reached skill level 16 in Axes
 17994 | Lair:4   | Killed an entropy weaver
 18718 | Lair:4   | Reached skill level 10 in Invocations
 18718 | Lair:4   | Noticed an entropy weaver
 18742 | Lair:4   | Killed an entropy weaver
 19273 | Lair:5   | Entered Level 5 of the Lair of Beasts
 19815 | Lair:5   | Gained Bogbarth as an ally
 19864 | Lair:5   | Found a frozen archway.
 19882 | IceCv    | Entered an ice cave
 19896 | IceCv    | Reached XP level 14. HP: 90/135 MP: 22/22
 20474 | IceCv    | Reached ****** piety under Beogh
 20497 | IceCv    | Gained Grimold as an ally
 20502 | IceCv    | Reached skill level 17 in Axes
 20599 | IceCv    | Your ally Grimold died
 21724 | Lair:5   | Reached skill level 15 in Armour
 22712 | Orc:1    | Entered Level 1 of the Orcish Mines
 22720 | Orc:1    | Paralysed by an orc sorcerer for 3 turns
 22896 | Orc:1    | Found a transporter.
 22976 | Orc:1    | Found a transporter.
 22988 | Orc:1    | Found a runed translucent door.
 22988 | Orc:1    | Found a bloodstained altar of Trog.
 22988 | Orc:1    | Found the necklace of Bloodlust {*Rage Will++ Int-3 Slay+6}
 22990 | Orc:1    | Noticed a deep elf annihilator
 22991 | Orc:1    | Noticed a deep elf elementalist
 23012 | Orc:1    | Noticed a stone giant
 23035 | Orc:1    | Noticed a deep elf elementalist
 23037 | Orc:1    | HP: 6/138 [troll (2)]
 23037 | Orc:1    | Mangled by an orc knight

Illustrated notes

Levels and vault maps discovered:
D:1:      giann_horns, layout_basic, minmay_tromino_i4
D:2:      layout_basic, shapermc_ecumenical_altar_flowoftime,
          grunt_ministairs_13, uniq_sigmund, uniq_crazy_yiuf_cottage
D:3:      layout_basic
D:4:      layout_loops_ring, mainiacjoe_overflow_catwalk, kennysheep_doodads,
          hangedman_decor_diamond_cutter, minmay_misc_feat_x,
          minmay_misc_feat_enclosed
D:5:      layout_basic, gammafunk_temple_overflow_elements, dk_noncrumbling_2,
          uniq_blork_the_orc
D:6:      layout_cave_pools, mainiacjoe_overflow_boulevard,
          minmay_temple_entry_glass, gammafunk_ghost_gnarly_gnolls
D:7:      layout_cave_pods, nicolae_ossuary_entry_plus, minmay_strange_pillars,
          uniq_prince_ribbit1
D:8:      layout_loops_ring, zin_treasury, uniq_maggie
D:9:      layout_loops_corners, lair_entry_dummy, hiddenorc2_lemuel, uniq_grum
D:10:     layout_basic, amcnicky_mini_pool_small
D:11:     layout_small_grid, serial_shops, nicolae_shop_window_shopping
D:12:     layout_roguey, nicolae_ru_path_of_blood, uniq_urug
D:13:     layout_layer_cave, serial_shops, shop, minmay_st_funbox
Lair:1:   layout_regular_city, serial_bayou_shore_a
Lair:2:   layout_regular_city, minmay_shoals_entry_hut,
          nicolae_spider_entry_non_spiders, chequers_serial_rivers_micro_b,
          cheibrodos_lair_lostbears
Lair:3:   layout_hall_layers, grunt_megastairs_5
Lair:4:   gammafunk_mikee_crab_dinner, layout_hall_layers,
          dpeg_slime_entry_corner, serial_bayou_shore_b
Lair:5:   minmay_lair_end_frog_pond, layout_regular_city,
          portal_ice_cave_entry_ice_simulacra, infiniplex_staircase_pool_2
Orc:1:    emtedronai_trogs_sanctum, layout_caves, serial_shops, shop,
          uniq_maurice

Skill      XL: |  1  2  3  4  5  6  7  8  9 10 11 12 13 14 |
---------------+-------------------------------------------+-----
Axes           | 3 5 7 9 10 12 14 15 16 17 | 17.6
Fighting       | 4 5 6 7 8 10 12 13 14 15 16 | 16.5
Armour         | 4 5 6 7 9 11 12 13 14 15 | 15.1
Invocations    | 5 8 11 12 | 12.5
Shields        | |  3.2

Action                   |  1- 3 |  4- 6 |  7- 9 | 10-12 | 13-15 || total
-------------------------+-------+-------+-------+-------+-------++-------
Melee: War axe           |    98 |   144 |   367 |   590 |   494 ||  1693
Invok: Convert to Beogh  |       |     1 |       |       |       ||     1
       Smiting           |       |       |       |       |     5 ||     5
       Recall Orcish Fol |       |       |       |       |     1 ||     1
       Resurrection      |       |       |       |       |     1 ||     1
  Use: Scroll            |       |       |    10 |     7 |     5 ||    22
       Potion            |       |       |     2 |     1 |     5 ||     8
 Stab: Distracted        |       |       |       |     2 |     4 ||     6
Armor: Scale mail        |    52 |       |       |       |       ||    52
       Plate armour      |     4 |    76 |   244 |   296 |   257 ||   877
Dodge: Dodged            |    46 |    48 |   132 |   271 |   241 ||   738
Block: Buckler           |    22 |    18 |    71 |   119 |   114 ||   344

Table legend: (Time is in decaauts)
 A = Elapsed time spent in this place.
 B = Non-inter-level travel time spent in this place.
 C = Inter-level travel time spent in this place.
 D = Time resting spent in this place.
 E = Time spent auto-exploring this place.
 F = Levels seen in this place.
 G = Mean time per level.
                   A        B        C        D        E       F      G
               +--------+--------+--------+--------+--------+-----+--------+
         Total |  23081 |  22364 |    717 |   2399 |  15297 |  21 | 1099.1 |
       Dungeon |  13122 |  12675 |    447 |    743 |   9283 |  13 | 1009.4 |
          Lair |   7694 |   7425 |    269 |    854 |   5445 |   5 | 1538.8 |
  Orcish Mines |    315 |    315 |      0 |      0 |    196 |   1 |  315.0 |
       Ossuary |    482 |    482 |      0 |    154 |     92 |   1 |  482.0 |
      Ice Cave |   1466 |   1466 |      0 |    648 |    280 |   1 | 1466.0 |
               +--------+--------+--------+--------+--------+-----+--------+

Top non-repeatable levels by time:
  Lair:4: 2579 daAuts
     D:7: 1782 daAuts
     D:9: 1548 daAuts
  Lair:2: 1524 daAuts
   IceCv: 1466 daAuts
  Lair:5: 1437 daAuts
    D:12: 1382 daAuts
     D:5: 1219 daAuts
  Lair:3: 1190 daAuts
    D:10: 1067 daAuts
     D:1: 1006 daAuts
     D:2: 979 daAuts
     D:8: 973 daAuts
  Lair:1: 961 daAuts
     D:4: 925 daAuts
